 Dungeon Crawl Stone Soup version 0.31-a0-806-g0bc164a743 (webtiles) character file.

Game seed: 4296988401802613612

3494 KKCryptic the Purveyor of Pain (level 9, -8/57 HPs)
             Began as a Demonspawn Necromancer on Nov 16, 2022.
             Was an Initiate of Kikubaaqudgha.
             Mangled by an orc warrior
             ... wielding a +0 trident
              (12 damage)
             ... on level 7 of the Dungeon on Sept 21, 2023.
             The game lasted 00:56:14 (8051 turns).

KKCryptic the Purveyor of Pain (DsNe)               Turns: 8051, Time: 00:56:15

Health: -8/57      AC:  8    Str:  8    XL:     9   Next: 80%
Magic:  5/13       EV: 10    Int: 20    God:    Kikubaaqudgha [......]
Gold:   246        SH:  5    Dex: 15    Spells: 8/16 levels left

rFire   . . .        c - +4 spear
rCold   . . .        (no shield)
rNeg    . . .        t - +0 ring mail
rPois   .            m - +0 helmet
rElec   .            (no cloak)
rCorr   .            (no gloves)
SInv    .            (no boots)
Will    +....        s - amulet of reflection
Stlth   +            (no ring)
HPRegen 0.29/turn    (no ring)
MPRegen 0.13/turn

%: reflection
@: no status effects
A: claws 2, molten scales 1, foul stench 1, low MP 1, strong-willed 1
a: Renounce Religion


You were on level 7 of the Dungeon.
You worshipped Kikubaaqudgha.
Kikubaaqudgha was noncommittal.
You visited 2 branches of the dungeon, and saw 8 of its levels.
You also visited: Ossuary.

You collected 246 gold pieces.

Inventory:

Hand Weapons
 c - a +4 spear (weapon)
 h - a +2 short sword of protection
 y - a +2 scythe of flaming
Armour
 m - a +0 helmet (worn)
 t - a +0 ring mail (worn)
Jewellery
 s - an amulet of reflection (around neck)
Wands
 d - a wand of iceblast (12) (quivered)
 e - a wand of mindburst (5)
Scrolls
 a - a scroll of enchant armour
 i - a scroll of teleportation
 j - a scroll of amnesia
 k - a scroll of immolation
 l - 3 scrolls of poison {unknown}
 o - 2 scrolls of noise {unknown}
 p - a scroll of torment {unknown}
 q - 2 scrolls of fear {unknown}
 r - a scroll of brand weapon {unknown}
 v - 3 scrolls of butterflies {unknown}
Potions
 b - 2 potions of magic
 f - 2 potions of enlightenment
 x - a potion of resistance
 z - a potion of attraction


   Skills:
 + Level 4.7 Polearms
 - Level 1.7 Dodging
 - Level 1.7 Stealth
 - Level 4.1 Spellcasting
 + Level 6.6 Conjurations
 - Level 12.1 Necromancy


You had 8 spell levels left.
You knew the following spells:

 Your Spells              Type           Power      Damage    Failure   Level
a - Necrotise             Necr           100%       1d9       1%          1
b - Vampiric Draining     Necr           51%        2d9       1%          3
c - Animate Dead          Necr           51%        N/A       2%          4

Your spell library contained the following spells:

 Spells                   Type           Power      Damage    Failure   Level
 Agony                    Necr           51%        N/A       8%          5
 Foxfire                  Conj/Fire      68%        2x1d7     11%         1
 Iskenderun's Battlesphe  Conj           30%        2d8       58%         5
 Fireball                 Conj/Fire      8%         3d6       96%         5
 Conjure Ball Lightning   Conj/Air       8%         3x3d6     100%        6
 Starburst                Conj/Fire      8%         6d4       100%        6
 Orb of Destruction       Conj           15%        9d7       100%        7


Dungeon Overview and Level Annotations

Branches:
Dungeon (7/15)             Temple (1/1) D:7         Ossuary (visited)

Altars:
Ashenzari
Cheibriados
Dithmenos
Fedhas
Gozag
Kikubaaqudgha
Makhleb
Okawaru
Qazlal
Ru
Sif Muna
Uskayaw
Xom
Yredelemnul

Shops:
D:3 (

Annotations:
D:4 3 runed translucent doors, erofeev's ghost, amateur GrMo


Innate Abilities, Weirdness & Mutations

You have very sharp fingernails.
You are partially covered in molten scales. (AC +2)
You may rarely emit foul miasma when damaged in melee.
Your magical capacity is low. (-10% MP)
You are strong-willed. (Will+)


Message History

Confirm with . or Enter, or press ? or * to list all spells.
You don't have enough magic to cast this spell.
Casting: Necrotise (safe; 1% risk of failure)
Confirm with . or Enter, or press ? or * to list all spells.
You don't know that spell.
The orc warrior attacks as it pursues you!
The orc warrior barely misses you.
The orc warrior attacks as it pursues you!
You block the orc warrior's attack.
The orc warrior attacks as it pursues you!
The orc warrior closely misses you.
The orc warrior attacks as it pursues you!
The orc warrior barely misses you.
The orc warrior attacks as it pursues you!
The orc warrior hits you from afar with a +0 trident.
* * * LOW HITPOINT WARNING * * *
The orc warrior attacks as it pursues you!
The orc warrior hits you from afar with a +0 trident!
* * * LOW HITPOINT WARNING * * *
The orc warrior attacks as it pursues you!
The orc warrior hits you from afar with a +0 trident.
* * * LOW HITPOINT WARNING * * *
Your movement speed is average.
Your attack delay is about 0.8.
Your damage rating with your +4 spear is about 10 (Base 6 x 95% (Str) x 109% (Skill) + 4 (Ench)).
You feel extremely strange.
You feel less energetic.
You feel strong-willed.
Your fingernails sharpen.
The orc warrior barely misses you.
Okay, then.
Aiming: Mindburst
Press: ? - help, Shift-Dir - straight line, f/p - orc warrior
Aim: an orc warrior, wielding a +0 trident and wearing a +0 plate armour (lightly wounded, chance to affect: 64%)
The orc warrior's mind is blasted!
The orc warrior barely misses you.
Aiming: Iceblast
Press: ? - help, Shift-Dir - straight line, f/p - orc warrior
Aim: an orc warrior, wielding a +0 trident and wearing a +0 plate armour (heavily wounded)
The mass of ice explodes!
The iceblast engulfs the orc warrior.
The orc warrior is severely wounded.
The orc warrior hits you from afar with a +0 trident!
You die...
Kikubaaqudgha rasps: "You have failed me!
Welcome... death!"

#.#..#.#>)....######.#.
#)#..#.##.).#.#........
#.#..#.###[.#...)..#.#.
#.#..#.# #....)).......
#.#<.#.# ##.#)#.##...#.
#.#.##.# #o#.#.###....
#.#....# #.#.#.# ##...
#.#########.#.#.# #.#.
#.....@.o...#.#.# #.#.
#############.#.# #.#.
........#.# #.#.
........#.# #.#g
........#.# #.o.
........#.# ###Y
..g.....#.. ..
..g.....### g .........
#


You could see an orc warrior.

Vanquished Creatures
  Pikel (D:5)
  Sigmund (D:6)
  A water moccasin (D:7)
  An orc warrior (D:7)
  An ice beast (D:6)
  2 sky beasts (D:6)
  2 black bears
  3 ogres
  A phantom (D:6)
  A necrophage (D:5)
  A gnoll sergeant (D:7)
  5 scorpions
  3 water moccasin zombies (Ossuary)
  A wight (Ossuary)
  A vampire bat (D:3)
  4 howler monkeys
  3 bullfrog zombies (Ossuary)
  A centaur zombie (Ossuary)
  A jelly (D:6)
  An orc priest (D:7)
  3 hounds
  A human zombie (Ossuary)
  4 iguanas
  4 orc wizards
  A scorpion zombie (Ossuary)
  3 gnolls (D:7)
  3 adders
  2 ufetubi
  3 adder zombies (Ossuary)
  2 orc zombies (D:7)
  2 worms (D:2)
  4 dart slugs
  11 orcs
  11 endoplasms
  2 giant cockroaches (D:4)
  4 gnoll zombies (Ossuary)
  5 hobgoblins
  2 jackals
  7 kobolds
  2 ball pythons
  10 bats
  A frilled lizard (D:2)
  10 goblins
  4 goblin zombies (Ossuary)
  6 hobgoblin zombies (Ossuary)
  5 rats
147 creatures vanquished.

Vanquished Creatures (collateral kills)
  A black bear (D:5)
  A scorpion (D:5)
  A necrophage (D:5)
  A hound (D:6)
  2 iguanas
  A howler monkey zombie (D:5)
  2 orcs
  An endoplasm (D:2)
  A jackal (D:1)
11 creatures vanquished.

Vanquished Creatures (others)
  Blork the orc (D:4)
  A water moccasin zombie (D:7)
  A black bear zombie (D:6)
  An ice beast zombie (D:6)
  A howler monkey zombie (D:7)
  A human zombie (D:6)
  A gnoll zombie (D:7)
  6 orc zombies
13 creatures vanquished.

Grand Total: 171 creatures vanquished

Notes
Turn   | Place    | Note
-------+----------+-------------------------------------------
     0 | D:1      | KKCryptic the Demonspawn Necromancer began the quest for
                  | the Orb.
     0 | D:1      | Reached XP level 1. HP: 13/13 MP: 3/3
   303 | D:1      | Gained mutation: You may rarely emit foul miasma when
                  | damaged in melee. [demonic ancestry]
   303 | D:1      | Reached XP level 2. HP: 19/19 MP: 3/5
   474 | D:1      | Reached skill level 5 in Necromancy
  1235 | D:2      | Reached XP level 3. HP: 24/24 MP: 4/6
  1438 | D:2      | Noticed a scorpion
  1461 | D:2      | Killed a scorpion
  1462 | D:2      | Reached skill level 6 in Necromancy
  1462 | D:2      | Reached XP level 4. HP: 27/30 MP: 2/7
  2150 | D:3      | Reached skill level 7 in Necromancy
  2212 | D:3      | Gained mutation: You are partially covered in molten
                  | scales. (AC +2) [demonic ancestry]
  2212 | D:3      | Reached XP level 5. HP: 35/35 MP: 6/8
  2248 | D:3      | Learned a level 3 spell: Vampiric Draining
  2248 | D:3      | Upgraded the game from 0.30-a0-365-ge7f957f1db to
                  | 0.30-a0-368-g86fb4627a9
  2326 | D:3      | Found a shimmering altar of Xom.
  2388 | D:3      | Found a faded altar of an unknown god.
  2418 | D:3      | Found Eghe Xee's Weapon Shoppe.
  2732 | D:4      | Found a runed translucent gate.
  2732 | D:4      | Found a runed translucent gate.
  2732 | D:4      | Found a runed translucent gate.
  2733 | D:4      | Found an opulent altar of Gozag.
  3030 | D:4      | Noticed Blork the orc
  3045 | D:4      | Killed Blork the orc
  3046 | D:4      | Reached skill level 8 in Necromancy
  3112 | D:4      | Found a shimmering blue altar of Sif Muna.
  3153 | D:4      | Reached XP level 6. HP: 41/41 MP: 7/9
  3439 | D:4      | Noticed erofeev's ghost (amateur GrMo)
  3727 | D:5      | Entered Level 5 of the Dungeon
  3760 | D:5      | Reached skill level 9 in Necromancy
  3765 | D:5      | Learned a level 4 spell: Animate Dead
  3802 | D:5      | Reached XP level 7. HP: 32/45 MP: 4/10
  4017 | D:5      | Noticed Pikel
  4036 | D:5      | Killed Pikel
  4037 | D:5      | Reached skill level 11 in Necromancy
  4037 | D:5      | Reached XP level 8. HP: 32/52 MP: 2/11
  4410 | D:5      | Reached skill level 12 in Necromancy
  4493 | D:5      | Upgraded the game from 0.30-a0-368-g86fb4627a9 to
                  | 0.30-a0-373-gd37427bb62
  4567 | D:6      | Reached skill level 1 in Conjurations
  4655 | D:6      | Found a sand-covered staircase.
  4660 | Ossuary  | Entered an ossuary
  5268 | Ossuary  | Noticed a silent spectre
  5470 | D:6      | Gained mutation: You have sharp fingernails. [demonic
                  | ancestry]
  5470 | D:6      | Reached XP level 9. HP: 27/47 MP: 5/15
  5795 | D:6      | Reached skill level 1 in Polearms
  5868 | D:6      | Noticed Sigmund
  5875 | D:6      | Killed Sigmund
  5964 | D:6      | Your ally Sigmund died
  6034 | D:6      | Reached skill level 5 in Conjurations
  7322 | D:7      | Found a staircase to the Ecumenical Temple.
  7329 | Temple   | Entered the Ecumenical Temple
  7607 | Temple   | Upgraded the game from 0.30-a0-373-gd37427bb62 to
                  | 0.31-a0-806-g0bc164a743
  7613 | Temple   | Became a worshipper of Kikubaaqudgha
  8049 | D:7      | Gained mutation: Your magical capacity is low. (-10% MP)
                  | [potion of mutation]
  8049 | D:7      | Gained mutation: You are strong-willed. (Will+) [potion of
                  | mutation]
  8049 | D:7      | Gained mutation: You have very sharp fingernails. [potion
                  | of mutation]
  8051 | D:7      | Mangled by an orc warrior

Illustrated notes

Levels and vault maps discovered:
D:1:      scummos_arrival_simple_fountains, layout_basic, minmay_misc_feat_chi,
          amcnicky_mini_rare_corridor_liquid
D:2:      minmay_angry_zag, layout_basic, hangedman_decor_lopped,
          chequers_serial_rivers_micro_a
D:3:      layout_rooms, mainiacjoe_overflow_brackets,
          hellmonk_ecumenical_altar_zigzags, serial_shops,
          nicolae_shop_bloodbath_and_beyond, st_stairs_11, roderic_batcave
D:4:      layout_loops_ring, general_overflow_altar, tgw_sif,
          ebering_ghost_gozag, kennysheep_doodads, corexii_checkpoint_b,
          mrwooster_statue_mirror
D:5:      layout_basic, uniq_pikel
D:6:      layout_basic, enter_ossuary_2, uniq_sigmund
D:7:      cheibrodos_shockbox, layout_basic, temple_green
Temple:   compressed_dpeg_triangle_lava_temple

Skill      XL: |  1  2  3  4  5  6  7  8  9 |
---------------+----------------------------+-----
Necromancy     | 5 6 7 8 9 11 12 | 12.1
Conjurations   | 3 6 |  6.6
Spellcasting   | 4 |  4.1
Polearms       | 4 |  4.7
Dodging        | |  1.7
Stealth        | |  1.7

Action                     |  1- 3 |  4- 6 |  7- 9 || total
---------------------------+-------+-------+-------++-------
  Melee: Dagger            |     7 |       |       ||     7
         Short sword       |     6 |    80 |   331 ||   417
         Punch             |       |       |     4 ||     4
         Spear             |       |       |   143 ||   143
   Cast: Necrotise         |    45 |    59 |    92 ||   196
         Vampiric Draining |       |     2 |     7 ||     9
         Animate Dead      |       |     1 |    15 ||    16
  Evoke: Wand              |       |       |     7 ||     7
    Use: Scroll            |       |     7 |    10 ||    17
         Potion            |       |       |     8 ||     8
   Stab: Sleeping          |       |     1 |     2 ||     3
         Distracted        |       |       |     2 ||     2
 Armour: Leather armour    |     2 |    47 |   242 ||   291
         Ring mail         |       |       |    14 ||    14
  Dodge: Dodged            |     7 |    47 |   284 ||   338
  Block: Other             |       |    15 |   126 ||   141
         Reflection        |       |       |     1 ||     1

Table legend: (Time is in decaauts)
 A = Elapsed time spent in this place.
 B = Non-inter-level travel time spent in this place.
 C = Inter-level travel time spent in this place.
 D = Time resting spent in this place.
 E = Time spent auto-exploring this place.
 F = Levels seen in this place.
 G = Mean time per level.
                   A        B        C        D        E       F      G
               +--------+--------+--------+--------+--------+-----+--------+
         Total |   8040 |   7911 |    129 |   1792 |   3672 |   9 |  893.3 |
       Dungeon |   6934 |   6818 |    116 |   1482 |   3427 |   7 |  990.6 |
        Temple |    306 |    293 |     13 |      0 |    245 |   1 |  306.0 |
       Ossuary |    799 |    799 |      0 |    310 |      0 |   1 |  799.0 |
               +--------+--------+--------+--------+--------+-----+--------+

Top non-repeatable levels by time:
     D:7: 1224 daAuts
     D:6: 1200 daAuts
     D:4: 1153 daAuts
     D:2: 1107 daAuts
     D:1: 819 daAuts
 Ossuary: 799 daAuts
     D:5: 783 daAuts
     D:3: 645 daAuts
  Temple: 306 daAuts
